 Dungeon Crawl Stone Soup version 0.28.0-53-g5a82cb258f (console) character file.

Game seed: 11965916160078896778

2772 erker the Cleaver (level 9, 0/55 HPs)
             Began as a Gargoyle Fighter on June 19, 2022.
             Was a Follower of Makhleb.
             Slain by a sky beast (2 damage)
             ... on level 8 of the Dungeon.
             The game lasted 00:14:41 (7853 turns).

erker the Cleaver (Gargoyle Fighter)                Turns: 7853, Time: 00:14:42

Health: 0/55       AC: 16    Str: 20    XL:     9   Next: 70%
Magic:  9/9        EV: 10    Int: 13    God:    Makhleb [*.....]
Gold:   356        SH:  4    Dex:  9    Spells: 8/8 levels left

rFire   + . .      SeeInvis .   D - +2 hand axe of Arrival {freeze, rElec}
rCold   + . .      Faith    .   c - +0 buckler
rNeg    + . .      Spirit   .   r - +0 ring mail
rPois   ∞          Reflect  .   m - +1 hat
rElec   +          Harm     .   q - +0 cloak
rCorr   .          Rampage  .   (no gloves)
Will    .....                   o - +0 pair of boots
Stlth   ..........              (no amulet)
HPRegen 0.18/turn               v - ring of protection from cold
MPRegen 0.11/turn               z - ring of protection from fire

@: no status effects
A: sickness immunity, AC +6, negative energy resistance 1, electricity
resistance, torment resistance 1, petrification resistance
a: Renounce Religion


You were on level 8 of the Dungeon.
You worshipped Makhleb.
Makhleb was aware of your devotion.
You visited 2 branches of the dungeon, and saw 9 of its levels.

You collected 356 gold pieces.

Inventory:

Hand Weapons
 a - a +0 war axe
 b - a +2 vorpal hand axe
 t - a +2 vorpal mace
 C - a +1 whip of freezing
 D - the +2 hand axe of Arrival (weapon) {freeze, rElec}
   (You found it on level 6 of the Dungeon)

   It freezes those it strikes, dealing additional cold damage.
   It can also slow down cold-blooded creatures.
   rElec:     It insulates you from electricity.
Missiles
 f - 13 poisoned darts (quivered)
Armour
 c - a +0 buckler (worn)
 m - a +1 hat (worn)
 o - a +0 pair of boots (worn)
 p - a +0 scale mail
 q - a +0 cloak (worn)
 r - a +0 ring mail (worn)
 E - a +2 plate armour of fire resistance
Jewellery
 v - a ring of protection from cold (left hand)
 z - a ring of protection from fire (right hand)
 B - a +6 ring of strength
 G - a +4 ring of evasion
Scrolls
 e - 2 scrolls of identify {unknown}
 h - a scroll of teleportation
 s - 2 scrolls of enchant armour {unknown}
 u - a scroll of silence {unknown}
 w - a scroll of noise {unknown}
 y - a scroll of torment {unknown}
Potions
 d - a potion of might
 g - 2 potions of brilliance {unknown}
 i - a potion of magic {unknown}
 j - 2 potions of curing {unknown}
 k - 2 potions of berserk rage {unknown}
 l - a potion of attraction {unknown}
 n - 3 potions of cancellation {unknown}
 x - a potion of flight {unknown}
 A - a potion of heal wounds {unknown}
 F - a potion of degeneration {unknown}


   Skills:
 - Level 6.0 Fighting
 + Level 10.3 Axes
 - Level 6.0 Armour
 - Level 4.0 Shields


You had 8 spell levels left.
You didn't know any spells.
Your spell library contained the following spells:

 Spells                   Type           Power      Damage    Failure   Level
 Gell's Gravitas          Tloc           0%         N/A       88%         3
 Lesser Beckoning         Tloc           0%         N/A       88%         3
 Teleport Other           Tloc           0%         N/A       88%         3


Dungeon Overview and Level Annotations

Branches:
Dungeon (8/15)             Temple (1/1) D:4
   Lair: D:8-11

Altars:
Ashenzari
Cheibriados
Dithmenos
Elyvilon
Fedhas
Gozag
Hepliaklqana
Kikubaaqudgha
Makhleb
Nemelex Xobeh
Okawaru
Qazlal
Ru
Sif Muna
Trog
Uskayaw
Vehumet
Wu Jian
Xom
Yredelemnul
Zin
The Shining One

Shops:
D:3 *

Annotations:
D:3 3 runed translucent doors, zielscheibe's ghost, amateur OpTm
D:7 Dowan; Duvessa; Joseph


Innate Abilities, Weirdness & Mutations

You are immune to sickness and miasma.
Your stone body is resilient. (AC +6)
You are immune to poison.
You resist negative energy. (rN+)
You are resistant to electric shocks. (rElec)
You are resistant to unholy torment.
You are immune to petrification.


Message History

The troll is lightly wounded.
The troll bites you but does no damage.
The troll claws you but does no damage. x2
You hit the troll. You freeze the troll.
The troll is lightly wounded.
The troll closely misses you. The troll claws you! The troll misses you.
You closely miss the troll.
The troll is lightly wounded.
The troll bites you.
* * * LOW HITPOINT WARNING * * *
The troll claws you.
* * * LOW HITPOINT WARNING * * *
You block the troll's attack.
You hear the slow hiss of a very distant avalanche of sand.
The troll looks more healthy.
As you read the scroll of teleportation, it crumbles to dust.
You feel strangely unstable. The troll bites you but does no damage.
The troll barely misses you. The troll claws you but does no damage.
Your surroundings suddenly seem different.
A sky beast comes into view.
You are too injured to fight recklessly!
The sky beast flickers out of sight!
Deactivating autopickup; reactivate with Ctrl-A.
Something hits you but does no damage.
You hit something. You freeze something. You block something's attack.
You miss something. You block something's attack.
You hit something. You freeze something. Something hits you but does no damage.
You miss something. Something hits you but does no damage.
You hit something but do no damage. You miss something. Something hits you.
* * * LOW HITPOINT WARNING * * *
Something shocks you. You resist.
* * * LOW HITPOINT WARNING * * *
You hit something. You freeze something. Something hits you.
* * * LOW HITPOINT WARNING * * *
Something shocks you. You resist.
* * * LOW HITPOINT WARNING * * *
You closely miss something. Something hits you.
* * * LOW HITPOINT WARNING * * *
Something shocks you. You resist.
You die...

#### ..# #.#
#.#
.#.########.#
......{@....#
##.##########


There were no monsters in sight!

Vanquished Creatures
  Sigmund (D:4)
  A water moccasin (D:6)
  2 sky beasts
  2 black bears
  A necrophage (D:8)
  An ice beast (D:6)
  An ogre (D:5)
  3 centaurs
  2 phantoms
  A kobold brigand (D:6)
  A bullfrog (D:7)
  A scorpion (D:6)
  A wyvern skeleton (D:5)
  4 killer bees (D:7)
  A howler monkey (D:4)
  3 bullfrog zombies
  2 centaur zombies (D:8)
  An orc priest (D:5)
  2 hounds (D:4)
  2 centaur skeletons
  7 iguanas
  An orc wizard (D:4)
  A hound skeleton (D:4)
  A gnoll (D:1)
  8 adders
  A white imp (D:5)
  An ufetubus (D:6)
  An adder skeleton (D:5)
  2 worms
  2 dart slugs
  9 orcs
  4 endoplasms
  8 giant cockroaches
  6 goblins
  4 hobgoblins
  8 jackals
  13 kobolds
  5 quokkas
  10 ball pythons
  6 bats
  2 frilled lizards
  5 rats
138 creatures vanquished.

Notes
Turn   | Place    | Note
-------+----------+-------------------------------------------
     0 | D:1      | erker the Gargoyle Fighter began the quest for the Orb.
     0 | D:1      | Reached XP level 1. HP: 14/14 MP: 1/1
    79 | D:1      | Reached skill level 2 in Axes
   331 | D:1      | Reached XP level 2. HP: 19/19 MP: 2/2
   915 | D:2      | Reached skill level 3 in Axes
   915 | D:2      | Reached XP level 3. HP: 21/23 MP: 3/3
  1633 | D:2      | Found a faded altar of an unknown god.
  1962 | D:2      | Reached XP level 4. HP: 26/28 MP: 4/4
  2082 | D:2      | Reached skill level 4 in Axes
  2612 | D:3      | Noticed zielscheibe's ghost (amateur OpTm)
  2621 | D:3      | Found a runed translucent gate.
  2621 | D:3      | Found a runed translucent gate.
  2624 | D:3      | Found a runed translucent gate.
  2651 | D:3      | Reached XP level 5. HP: 32/32 MP: 5/5
  2660 | D:3      | Found Ruvuanka's Assorted Antiques.
  3303 | D:4      | Reached XP level 6. HP: 34/38 MP: 6/6
  3560 | D:4      | Noticed Sigmund
  3714 | D:4      | Killed Sigmund
  3715 | D:4      | Reached skill level 5 in Axes
  3715 | D:4      | Reached XP level 7. HP: 16/43 MP: 7/7
  4116 | D:4      | Reached skill level 6 in Axes
  4281 | D:4      | Found a staircase to the Ecumenical Temple.
  4289 | Temple   | Entered the Ecumenical Temple
  4723 | Temple   | Became a worshipper of Makhleb the Destroyer
  4934 | D:5      | Entered Level 5 of the Dungeon
  5445 | D:5      | Reached skill level 7 in Axes
  5709 | D:5      | Reached XP level 8. HP: 35/48 MP: 8/8
  5944 | D:5      | Reached skill level 8 in Axes
  6000 | D:5      | Reached skill level 5 in Armour
  6214 | D:5      | Found a blossoming altar of Fedhas.
  6230 | D:5      | Found a shadowy altar of Dithmenos.
  6516 | D:6      | Reached * piety under Makhleb
  6524 | D:6      | Reached skill level 9 in Axes
  6524 | D:6      | Reached XP level 9. HP: 48/52 MP: 9/9
  7124 | D:6      | Identified the +2 hand axe of Arrival {freeze, rElec}
  7592 | D:7      | Noticed Dowan
  7593 | D:7      | Noticed Duvessa
  7622 | D:7      | Reached skill level 10 in Axes
  7665 | D:7      | Noticed Joseph
  7741 | D:8      | Reached skill level 5 in Fighting
  7818 | D:8      | Noticed a troll
  7853 | D:8      | HP: 2/55 [something (4)]
  7853 | D:8      | Slain by a sky beast

Illustrated notes

Levels and vault maps discovered:
D:1:      onia_arrival_mini_maze, layout_basic, chequers_serial_rivers_micro_b
D:2:      layout_basic, hellmonk_ecumenical_altar_zigzags,
          kennysheep_generic_room_13
D:3:      layout_rooms, serial_shops, shop, gammafunk_ghost_split
D:4:      layout_loops_ring, minmay_temple_entry_statues, uniq_sigmund
D:5:      cheibrodos_barr_body, layout_basic, mainiacjoe_overflow_swirl
D:6:      layout_basic, minmay_misc_feat_enclosed, wad_floor_pattern_untrapped
D:7:      layout_loops_corners, st_stairs_8, nicolae_elevator_lobby_asterisk,
          uniq_duvessa, uniq_joseph, uniq_prince_ribbit1, uniq_maggie,
          uniq_crazy_yiuf_cottage
D:8:      layout_basic, enter_ossuary_5
Temple:   mainiacjoe_temple_big_plus

Skill      XL: |  1  2  3  4  5  6  7  8  9 |
---------------+----------------------------+-----
Axes           | 2 3 4 5 7 9 10 | 10.3
Armour         | 4 6 |  6.0
Shields        | 4 |  4.0
Fighting       | 4 6 |  6.0

Action                   |  1- 3 |  4- 6 |  7- 9 || total
-------------------------+-------+-------+-------++-------
Melee: War axe           |    97 |   148 |    20 ||   265
       Hand axe          |       |       |   279 ||   279
Throw: Dart              |     3 |       |     6 ||     9
  Use: Scroll            |       |       |     2 ||     2
Armor: Scale mail        |    44 |    87 |     7 ||   138
       Ring mail         |       |       |   161 ||   161
Dodge: Dodged            |    53 |    89 |   137 ||   279
Block: Buckler           |    13 |    35 |    69 ||   117
